 Dungeon Sprint DCSS version 0.27-a0-1256-gced786f65e (webtiles) character file.

Game seed: 11066125144524536593

1566 rocky1 the Blocker (level 9, -2/75 HPs)
             Began as a Formicid Fighter on June 11, 2021.
             Was a Priest of Cheibriados.
             Slain by a blink frog (shapeshifter) (13 damage)
             ... in the Dungeon (Sprint IX: "|||||||||||||||||||||||||||||").
             The game lasted 00:03:09 (623 turns).

rocky1 the Blocker (Formicid Fighter)                Turns: 623, Time: 00:03:09

Health: -2/75      AC: 13    Str: 30    XL:     9   Next: 13%
Magic:  15/15      EV: 12    Int: 22    God:    Cheibriados [***...]
Gold:   0          SH: 14    Dex: 17    Spells: 8/8 levels left

rFire    . . .     SeeInvis +   l - +2 scimitar (holy)
rCold    . . .     Faith    .   c - +0 kite shield
rNeg     . . .     Spirit   .   n - +1 chain mail
rPois    .         Reflect  .   (helmet unavailable)
rElec    .         Harm     .   (no cloak)
rCorr    .         Rampage  .   (no gloves)
Will     .....                  m - +0 pair of boots
Stlth    ..........             (no amulet)
HPRegen  0.22/turn              o - +3 ring of intelligence
MPRegen  0.14/turn              p - +3 ring of intelligence

@: invisible, very slow
A: permanent stasis, dig shafts and tunnels, antennae 3, four strong arms
a: Dig, Renounce Religion, Bend Time, Temporal Distortion


You were in the Dungeon.
You worshipped Cheibriados.
Cheibriados was most pleased with you.
You visited 1 branch

Inventory:

Hand Weapons
 k - a +1 broad axe of freezing
 l - a +2 scimitar of holy wrath (weapon)
Armour
 c - a +0 kite shield (worn)
 m - a +0 pair of boots (worn)
 n - a +1 chain mail (worn)
Jewellery
 o - a +3 ring of intelligence (left hand)
 p - a +3 ring of intelligence (right hand)
Wands
 j - a wand of iceblast (10)
Scrolls
 i - 2 scrolls of amnesia
Potions
 d - a potion of might
 e - 4 potions of curing
 g - 4 potions of magic


   Skills:
 + Level 8.6 Fighting
 + Level 9.9 Long Blades
 + Level 8.5 Armour
 + Level 6.6 Dodging
 - Level 10.8 Shields
 + Level 8.4 Invocations


You had 8 spell levels left.
You didn't know any spells.
Your spell library was empty.

Dungeon Overview and Level Annotations

Branches:
Dungeon (1/1)

Altars:
Cheibriados
Dithmenos
Elyvilon
Fedhas
Gozag
Hepliaklqana
Kikubaaqudgha
Makhleb
Nemelex Xobeh
Okawaru
Qazlal
Ru
Sif Muna
Trog
Uskayaw
Vehumet
Wu Jian
Xom
Yredelemnul
Zin
The Shining One
Beogh
Jiyva
Lugonu


Innate Abilities, Weirdness & Mutations

You cannot be hasted, slowed, berserked, paralysed or teleported.
You can dig through walls and to a lower floor.
You have a pair of large antennae on your head. (SInv)
Your four strong arms can wield two-handed weapons with a shield.


Message History

The centaur warrior hits you! The centaur warrior kicks you.
You hit the centaur warrior.
The centaur warrior is severely wounded.
The blink frog blinks!
The centaur warrior hits you but does no damage.
You block the centaur warrior's attack. The blink frog hits you!
* * * LOW HITPOINT WARNING * * *
You completely miss the blink frog. You block the centaur warrior's attack.
The centaur warrior kicks you but does no damage.
The blink frog barely misses you.
You hit the blink frog.
The blink frog is lightly wounded.
You block the centaur warrior's attack.
The centaur warrior kicks you but does no damage.
You block the blink frog's attack.
The centaur warrior hits you but does no damage.
The centaur warrior kicks you but does no damage.
You hit the blink frog.
The blink frog is lightly wounded.
The deep elf pyromancer casts a spell.
The deep elf pyromancer blinks!
The blink frog barely misses you. The centaur warrior hits you.
* * * LOW HITPOINT WARNING * * *
The centaur warrior kicks you but does no damage.
You closely miss the centaur warrior.
The centaur warrior is severely wounded.
You block the blink frog's attack. The centaur warrior hits you.
* * * LOW HITPOINT WARNING * * *
The centaur warrior kicks you but does no damage.
The deep elf pyromancer casts a spell.
The deep elf pyromancer blinks!
You block the blink frog's attack.
You feel better.
You block the centaur warrior's attack. x2
The centaur warrior closely misses you. x2
The blink frog hits you but does no damage.
Unknown command.
You fade into invisibility!
The centaur warrior hits you!
* * * LOW HITPOINT WARNING * * *
You block the centaur warrior's attack. The blink frog hits you!
You die... ▓▓▓▓▓▓▓▓▓▓▓▓▓▓▓▓▓▓▓▓▓▓▓▓ '.?)..[..[))...F@cT§e..§ ▓▓▓▓▓▓▓▓▓▓▓▓▓▓▓▓▓▓▓▓▓▓▓▓ {{{{{{{{

You could see a centaur warrior, a deep elf pyromancer, a troll and a blink frog shaped shifter.

Vanquished Creatures
  A centaur warrior (D)
  A gargoyle (D)
  A shadow (D)
  A wraith (D)
  A yak (D)
  A phantom (D)
  A hound (D)
  3 orc wizards (D)
  An adder zombie (D)
  An adder skeleton (D)
  A dart slug (D)
  A giant cockroach (D)
  2 goblins (D)
  A jackal zombie (D)
  A rat (D)
18 creatures vanquished.

Notes
Turn   | Place    | Note
-------+----------+-------------------------------------------
     0 | D        | rocky1 the Formicid Fighter began the quest for the Orb.
     0 | D        | Reached XP level 1. HP: 18/18 MP: 1/1
     8 | D        | Reached skill level 4 in Shields
    20 | D        | Reached XP level 2. HP: 18/24 MP: 2/2
   101 | D        | Noticed a phantom
   103 | D        | Reached skill level 5 in Shields
   116 | D        | Killed a phantom
   117 | D        | Reached skill level 7 in Shields
   117 | D        | Reached XP level 3. HP: 9/29 MP: 3/3
   117 | D        | Reached XP level 4. HP: 11/35 MP: 4/4
   127 | D        | Reached skill level 8 in Shields
   127 | D        | Reached XP level 5. HP: 15/41 MP: 5/5
   365 | D        | Found a snail-covered altar of Cheibriados.
   365 | D        | Found a shadowy altar of Dithmenos.
   365 | D        | Found a white marble altar of Elyvilon.
   365 | D        | Found a blossoming altar of Fedhas.
   365 | D        | Found an opulent altar of Gozag.
   366 | D        | Found a hazy altar of Hepliaklqana.
   367 | D        | Found a viscous altar of Jiyva.
   368 | D        | Found an ancient bone altar of Kikubaaqudgha.
   369 | D        | Became a worshipper of Cheibriados the Contemplative
   370 | D        | Found a corrupted altar of Lugonu.
   371 | D        | Found a burning altar of Makhleb.
   372 | D        | Found a sparkling altar of Nemelex Xobeh.
   373 | D        | Found an iron altar of Okawaru.
   374 | D        | Found a stormy altar of Qazlal.
   375 | D        | Found a sacrificial altar of Ru.
   376 | D        | Found a shimmering blue altar of Sif Muna.
   377 | D        | Found a bloodstained altar of Trog.
   378 | D        | Found a hide-covered altar of Uskayaw.
   379 | D        | Found a radiant altar of Vehumet.
   380 | D        | Found an ornate altar of the Wu Jian Council.
   381 | D        | Found a shimmering altar of Xom.
   382 | D        | Found a basalt altar of Yredelemnul.
   383 | D        | Found a glowing silver altar of Zin.
   384 | D        | Found a glowing golden altar of the Shining One.
   431 | D        | Noticed a yak
   431 | D        | Noticed a gargoyle
   431 | D        | Noticed a wraith
   438 | D        | Killed a yak
   439 | D        | Reached skill level 5 in Fighting
   439 | D        | Reached skill level 9 in Shields
   439 | D        | Reached XP level 6. HP: 40/51 MP: 5/8
   444 | D        | Reached skill level 5 in Armour
   445 | D        | Reached * piety under Cheibriados
   456 | D        | Killed a gargoyle
   457 | D        | Reached skill level 10 in Shields
   457 | D        | Reached skill level 5 in Invocations
   457 | D        | Reached XP level 7. HP: 36/59 MP: 7/11
   458 | D        | Reached ** piety under Cheibriados
   470 | D        | Killed a wraith
   471 | D        | Reached skill level 5 in Dodging
   471 | D        | Reached XP level 8. HP: 42/67 MP: 8/12
   591 | D        | Noticed a shadow
   591 | D        | Noticed a centaur warrior
   591 | D        | Noticed a centaur warrior
   591 | D        | Noticed a troll
   591 | D        | Noticed a yak
   591 | D        | Noticed a deep elf pyromancer
   591 | D        | Noticed a queen bee
   591 | D        | a yak changed into a queen bee
   594 | D        | Noticed an orb spider
   594 | D        | a queen bee changed into an orb spider
   595 | D        | Killed a shadow
   596 | D        | Noticed a troll
   596 | D        | an orb spider changed into a troll
   602 | D        | Noticed a blink frog
   602 | D        | a troll changed into a blink frog
   604 | D        | Killed a centaur warrior
   604 | D        | Reached *** piety under Cheibriados
   605 | D        | Reached XP level 9. HP: 65/75 MP: 13/15
   623 | D        | Slain by a blink frog (shapeshifter)

Illustrated notes

Levels and vault maps discovered:
D:        linesprint [early_d, line_temple, items_1, d_10, items_2, lair_1,
          lair_end, items_3, orc_1, orc_end, items_4, d_15, swamp_1, shoals_1,
          snake_1, spider_1, d_20, vaults_1, items_5, swamp_end, shoals_end,
          snake_end, spider_end, vaults_end, d_27, items_6, zot_1, zot_end,
          crypt_end, forest_end, elf_end, slime_end, tomb_end, abyss_end,
          pan_hell_end]

Skill      XL: |  1  2  3  4  5  6  7  8 |
---------------+-------------------------+-----
Shields        | 4 7 8 9 10 | 10.8
Long Blades    | 3 6 7 8 9 |  9.9
Fighting       | 5 6 7 8 |  8.6
Armour         | 4 6 7 8 |  8.5
Dodging        | 2 4 5 6 |  6.6
Invocations    | 3 5 6 8 |  8.4

Action                   |  1- 3 |  4- 6 |  7- 9 || total
-------------------------+-------+-------+-------++-------
Melee: Long sword        |    31 |    24 |       ||    55
       Scimitar          |       |    22 |    43 ||    65
  Use: Potion            |       |     2 |     3 ||     5
Armor: Scale mail        |    11 |     4 |       ||    15
       Chain mail        |       |     2 |    36 ||    38
Dodge: Dodged            |     7 |    14 |    12 ||    33
Block: Kite shield       |     9 |    21 |    35 ||    65
       Rpst.: Long sword |     2 |     4 |       ||     6
       Scimitar          |       |     3 |     3 ||     6

Table legend: (Time is in decaauts)
 A = Elapsed time spent in this place.
 B = Non-inter-level travel time spent in this place.
 C = Inter-level travel time spent in this place.
 D = Time resting spent in this place.
 E = Time spent auto-exploring this place.
 F = Levels seen in this place.
 G = Mean time per level.
                   A        B        C        D        E       F      G
               +--------+--------+--------+--------+--------+-----+--------+
         Total |    646 |    646 |      0 |    407 |      0 |   1 |  646.0 |
       Dungeon |    646 |    646 |      0 |    407 |      0 |   1 |  646.0 |
               +--------+--------+--------+--------+--------+-----+--------+

Top non-repeatable levels by time:
       D: 646 daAuts
